[Event "Cracovia Chess Festival A 2021"]
[Site "Cracow"]
[Date "2022.01.04"]
[Round "9.14"]
[White "Paszewski, Mateusz"]
[Black "Ulasevich, Sergei"]
[Result "1-0"]
[ECO "A52"]
[WhiteElo "2300"]
[BlackElo "2171"]
[Annotator "ChessBase"]
[PlyCount "105"]
[EventDate "2021.12.27"]
[EventCountry "POL"]
[SourceTitle "playchess.com"]
[Source "ChessBase"]
[SourceQuality "1"]
[TimeControl "40/5400+30:1800+30"]

1. d4 Nf6 2. c4 e5 3. dxe5 Ng4 4. Bf4 Nc6 5. Nf3 Bb4+ 6. Nc3 Qe7 7. Qd5 Bxc3+ 8. bxc3 f6 9. exf6 Nxf6 10. Qd3 d6 11. g3 O-O 12. Bg2 Re8 13. O-O Qxe2 14. Qxe2 Rxe2 15. Nd4 Nxd4 16. cxd4 Be6 17. Bxb7 Rb8 18. Rfb1 Rc2 19. c5 dxc5 20. Bxc7 Rxb7 21. Rxb7 cxd4 22. Be5 d3 23. Bxf6 gxf6 24. Rd1 Bd5 25. Rd7 Bf3 26. Rb1 Rc8 27. h3 Be4 28. Re1 Bf5 29. Rd5 Bg6 30. g4 Kg7 31. Re7+ Kh6 32. h4 Rc2 33. h5 Re2 34. Re3 Be4 35. Rd4 f5 36. gxf5 Bxf5 37. a4 Kxh5 38. Kg2 Kg5 39. Kf3 Ra2 40. Re5 Kf6 41. Ra5 Ke6 42. Kg3 Bg6 43. f4 Ra1 44. Re5+ Kf7 45. Rd7+ Kf6 46. Rd6+ Kf7 47. f5 Bh5 48. Ra5 Ra3 49. Rxa7+ Ke8 50. Kh4 Bf7 51. f6 Kf8 52. Rd8+ Be8 53. f7 1-0

[Event "Cracovia Chess Festival A 2021"]
[Site "Cracow"]
[Date "2022.01.04"]
[Round "9.16"]
[White "Malek, Jan"]
[Black "Gahan M G"]
[Result "1-0"]
[ECO "A15"]
[WhiteElo "2149"]
[BlackElo "2248"]
[Annotator "ChessBase"]
[PlyCount "113"]
[EventDate "2021.12.27"]
[EventCountry "POL"]
[SourceTitle "playchess.com"]
[Source "ChessBase"]
[SourceQuality "1"]
[TimeControl "40/5400+30:1800+30"]

1. c4 Nf6 2. Nf3 g6 3. Nc3 c6 4. d4 d5 5. cxd5 cxd5 6. Bf4 Bg7 7. e3 O-O 8. Bd3 Qb6 9. a3 Bd7 10. b4 a5 11. b5 a4 12. O-O Qa5 13. Qd2 Rc8 14. Rfc1 Bf8 15. Na2 Rxc1+ 16. Rxc1 Qxd2 17. Nxd2 e6 18. Rc7 Nh5 19. Rxb7 Nxf4 20. exf4 Bxa3 21. b6 Bd6 22. Ra7 Bc6 23. Bb5 Bxb5 24. Rxa8 Bc6 25. Ra7 Nd7 26. Nf3 f6 27. b7 Nb8 28. Nc3 a3 29. Nb1 Bxf4 30. Nxa3 Kf7 31. Nc2 Bd6 32. Ra1 Ke7 33. Rb1 Kd7 34. Nb4 Bxb7 35. Nd3 Bc6 36. Nc5+ Ke7 37. Rc1 Be8 38. Nb7 Bf4 39. Re1 Nc6 40. Nc5 Bf7 41. Rb1 Nd8 42. h4 h6 43. g3 Bc7 44. Ra1 g5 45. Ra7 Kd6 46. Ra6+ Ke7 47. hxg5 hxg5 48. Nh2 Be8 49. Ra7 Kd6 50. Ng4 Nc6 51. Nxf6 Nxa7 52. Nxe8+ Kc6 53. Nxc7 Kxc7 54. Nxe6+ Kd6 55. Nxg5 Nc6 56. Nf3 Ke6 57. g4 1-0

[Event "Cracovia Chess Festival A 2021"]
[Site "Cracow"]
[Date "2022.01.04"]
[Round "9.17"]
[White "Dev, Shah"]
[Black "Barath Kalyan M"]
[Result "1/2-1/2"]
[ECO "E16"]
[WhiteElo "2243"]
[BlackElo "2103"]
[Annotator "ChessBase"]
[PlyCount "45"]
[EventDate "2021.12.27"]
[EventCountry "POL"]
[SourceTitle "playchess.com"]
[Source "ChessBase"]
[SourceQuality "1"]
[TimeControl "40/5400+30:1800+30"]

1. d4 Nf6 2. c4 e6 3. Nf3 Bb4+ 4. Bd2 Qe7 5. g3 Nc6 6. Bg2 Bxd2+ 7. Nbxd2 d6 8. O-O a5 9. e4 e5 10. d5 Nb8 11. Ne1 O-O 12. Nd3 Nbd7 13. f4 b6 14. Qc2 Nc5 15. Rae1 Nfd7 16. f5 Nxd3 17. Qxd3 Nc5 18. Qe3 f6 19. b3 Bd7 20. a4 g5 21. g4 Qg7 22. Bf3 Kf7 23. Rf2 1/2-1/2

[Event "Cracovia Chess Festival A 2021"]
[Site "Cracow"]
[Date "2022.01.04"]
[Round "9.19"]
[White "Meurs, Tom"]
[Black "Kopylov, Michael"]
[Result "1/2-1/2"]
[ECO "B40"]
[WhiteElo "2208"]
[BlackElo "2391"]
[Annotator "ChessBase"]
[PlyCount "64"]
[EventDate "2021.12.27"]
[EventCountry "POL"]
[SourceTitle "playchess.com"]
[Source "ChessBase"]
[SourceQuality "1"]
[TimeControl "40/5400+30:1800+30"]

1. e4 c5 2. Nf3 e6 3. d4 cxd4 4. Nxd4 Qb6 5. Nb3 Qc7 6. Nc3 a6 7. Qf3 Nf6 8. g4 d6 9. g5 Nfd7 10. Be3 b5 11. a3 Bb7 12. O-O-O Nc6 13. Qh3 b4 14. axb4 Nxb4 15. g6 hxg6 16. Qxh8 Bxe4 17. Rg1 Bxc2 18. Rd4 Rb8 19. Rxb4 Rxb4 20. Kxc2 Qb8 21. Nd2 Rxb2+ 22. Kc1 Qb4 23. Ncb1 Ra2 24. Bc4 Qb2+ 25. Kd1 Qc2+ 26. Ke2 Qxc4+ 27. Kf3 Ne5+ 28. Kg2 Qd5+ 29. Kh3 Nf3 30. Rc1 Nxd2 31. Rc8+ Kd7 32. Rd8+ Kxd8 1/2-1/2

[Event "Cracovia Chess Festival A 2021"]
[Site "Cracow"]
[Date "2022.01.04"]
[Round "9.21"]
[White "Sharma Isha"]
[Black "Suder, Jakub"]
[Result "0-1"]
[ECO "B32"]
[WhiteElo "2200"]
[BlackElo "2349"]
[Annotator "ChessBase"]
[PlyCount "66"]
[EventDate "2021.12.27"]
[EventCountry "POL"]
[SourceTitle "playchess.com"]
[Source "ChessBase"]
[SourceQuality "1"]
[TimeControl "40/5400+30:1800+30"]

1. e4 c5 2. Nf3 Nc6 3. d4 cxd4 4. Nxd4 e5 5. Nb5 d6 6. N1c3 a6 7. Na3 b5 8. Nd5 Nge7 9. c4 Nd4 10. Be3 Nxd5 11. cxd5 f5 12. Bxd4 exd4 13. Bd3 Be7 14. O-O O-O 15. Nc2 f4 16. Nxd4 Bf6 17. Nc6 Qe8 18. Rb1 Bd7 19. Nb4 f3 20. g3 Qh5 21. Re1 Be5 22. Nc6 Rae8 23. Re3 Rf6 24. b4 Bxg3 25. fxg3 Bg4 26. Rxf3 Bxf3 27. Qc2 Qg4 28. Re1 h5 29. e5 dxe5 30. Qc5 e4 31. d6 Qd7 32. Ne7+ Kf8 33. Nd5 Rxd6 0-1

[Event "Cracovia Chess Festival A 2021"]
[Site "Cracow"]
[Date "2022.01.04"]
[Round "9.22"]
[White "Karsay, Pascal"]
[Black "Dzida, Kamil"]
[Result "1-0"]
[ECO "A46"]
[WhiteElo "2322"]
[BlackElo "2238"]
[Annotator "ChessBase"]
[PlyCount "125"]
[EventDate "2021.12.27"]
[EventCountry "POL"]
[SourceTitle "playchess.com"]
[Source "ChessBase"]
[SourceQuality "1"]
[TimeControl "40/5400+30:1800+30"]

1. d4 Nf6 2. Nf3 e6 3. e3 b6 4. Bd3 Bb7 5. O-O d5 6. b3 Nbd7 7. c4 Bd6 8. cxd5 exd5 9. Ba3 Bxa3 10. Nxa3 c6 11. b4 Qe7 12. Qb3 a5 13. bxa5 Rxa5 14. Nb1 O-O 15. Nc3 Ra3 16. Qb2 Rfa8 17. Rfc1 Ne8 18. Bf5 Nd6 19. Bxd7 Nc4 20. Qc2 Qxd7 21. Nd2 b5 22. Nxc4 dxc4 23. Ne4 Bc8 24. Nc5 Qg4 25. Qb2 Qg6 26. Kf1 Be6 27. e4 Qh5 28. Kg1 c3 29. Rxc3 Rxa2 30. Rcc1 Bc4 31. Qc3 Qe2 32. Rxa2 Rxa2 33. Qg3 Ra8 34. Nd7 Qd2 35. Qe3 Qxe3 36. fxe3 Ra3 37. Kf2 f5 38. Ne5 fxe4 39. Nxc4 bxc4 40. Rxc4 Ra2+ 41. Kg3 Re2 42. Kf4 Rxg2 43. Rxc6 Rxh2 44. d5 Rh5 45. Kxe4 Kf7 46. Rd6 Rh1 47. Ke5 Rh5+ 48. Ke4 Rh1 49. Ke5 Rh5+ 50. Kf4 Rh4+ 51. Kf5 Rh5+ 52. Kg4 Rh1 53. e4 Rg1+ 54. Kf5 Rf1+ 55. Ke5 h5 56. Rd7+ Kg6 57. Rd8 Kh7 58. d6 h4 59. Ra8 Rd1 60. Ke6 g5 61. Ra5 Rd4 62. d7 Rxe4+ 63. Re5 1-0

[Event "Cracovia Chess Festival A 2021"]
[Site "Cracow"]
[Date "2022.01.04"]
[Round "9.23"]
[White "Luczak, Filip"]
[Black "Jaskolka, Tomasz"]
[Result "1-0"]
[ECO "A01"]
[WhiteElo "2273"]
[BlackElo "2193"]
[Annotator "ChessBase"]
[PlyCount "51"]
[EventDate "2021.12.27"]
[EventCountry "POL"]
[SourceTitle "playchess.com"]
[Source "ChessBase"]
[SourceQuality "1"]
[TimeControl "40/5400+30:1800+30"]

1. b3 d5 2. Bb2 Bf5 3. Nf3 e6 4. e3 Nd7 5. d4 Ngf6 6. Bd3 Bd6 7. Ne5 c6 8. O-O Qc7 9. f4 h5 10. Nd2 Ng4 11. Qe2 Bxd3 12. cxd3 Ndxe5 13. fxe5 Bb4 14. a3 Bxd2 15. Qxd2 O-O-O 16. a4 Qe7 17. h3 Nh6 18. Ba3 Qg5 19. b4 Nf5 20. Rf4 f6 21. b5 fxe5 22. dxe5 d4 23. bxc6 Nxe3 24. Rf7 Qxe5 25. Qb4 b6 26. Qe7 1-0

[Event "Cracovia Chess Festival A 2021"]
[Site "Cracow"]
[Date "2022.01.04"]
[Round "9.24"]
[White "Kyc, Jerzy"]
[Black "Stanisz, Patryk"]
[Result "1-0"]
[ECO "B34"]
[WhiteElo "2250"]
[BlackElo "2158"]
[Annotator "ChessBase"]
[PlyCount "63"]
[EventDate "2021.12.27"]
[EventCountry "POL"]
[SourceTitle "playchess.com"]
[Source "ChessBase"]
[SourceQuality "1"]
[TimeControl "40/5400+30:1800+30"]

1. e4 c5 2. Nf3 Nc6 3. d4 cxd4 4. Nxd4 Nf6 5. Nc3 e5 6. Ndb5 d6 7. Nd5 Nxd5 8. exd5 Nb8 9. c4 a6 10. Nc3 Be7 11. Be2 O-O 12. O-O f5 13. f4 exf4 14. Bxf4 Nd7 15. Kh1 g5 16. Be3 g4 17. Qd2 Nf6 18. Bd3 Nh5 19. Bh6 Rf7 20. Rae1 Bd7 21. Re6 f4 22. Qe2 f3 23. gxf3 Bxe6 24. dxe6 Rf6 25. Bg5 gxf3 26. Rxf3 Qa5 27. Bxf6 Nxf6 28. Nd5 Nxd5 29. cxd5 Rf8 30. Qe4 Rxf3 31. Qxh7+ Kf8 32. Qh8# 1-0

[Event "Cracovia Chess Festival A 2021"]
[Site "Cracow"]
[Date "2022.01.04"]
[Round "9.25"]
[White "Maj, Pawel"]
[Black "Kopylov, Daniel"]
[Result "0-1"]
[ECO "A15"]
[WhiteElo "2145"]
[BlackElo "2317"]
[Annotator "ChessBase"]
[PlyCount "94"]
[EventDate "2021.12.27"]
[EventCountry "POL"]
[SourceTitle "playchess.com"]
[Source "ChessBase"]
[SourceQuality "1"]
[TimeControl "40/5400+30:1800+30"]

1. c4 Nf6 2. g3 c5 3. Bg2 d5 4. cxd5 Nxd5 5. Nc3 Nxc3 6. bxc3 Nc6 7. f4 g6 8. Nf3 Bg7 9. O-O O-O 10. Rb1 Qc7 11. Qc2 b6 12. d3 Ba6 13. g4 Rad8 14. f5 Ne5 15. Bf4 Nxf3+ 16. Rxf3 Be5 17. Rbf1 Bb7 18. e4 Bxf4 19. Rxf4 g5 20. R4f3 f6 21. R1f2 Kg7 22. Bf1 b5 23. h4 h6 24. Rh3 Rh8 25. Rfh2 Bc6 26. hxg5 hxg5 27. Qg2 Qf4 28. Rh5 Rxh5 29. Rxh5 Rh8 30. Rxh8 Kxh8 31. Qh2+ Qxh2+ 32. Kxh2 b4 33. cxb4 cxb4 34. Kg3 a5 35. Kf3 a4 36. d4 a3 37. Bc4 Ba4 38. Ke2 Kg7 39. Kd2 Kf8 40. Kc1 Ke8 41. Bb3 Bc6 42. d5 Bb5 43. Kd2 Kd7 44. Ke3 Kd6 45. Kd4 Be2 46. Bc2 Bxg4 47. Kc4 Be2+ 0-1

[Event "Cracovia Chess Festival A 2021"]
[Site "Cracow"]
[Date "2022.01.04"]
[Round "9.26"]
[White "Malek, Daniel"]
[Black "Salna, Aleksandras"]
[Result "1/2-1/2"]
[ECO "B31"]
[WhiteElo "2376"]
[BlackElo "2227"]
[Annotator "ChessBase"]
[PlyCount "78"]
[EventDate "2021.12.27"]
[EventCountry "POL"]
[SourceTitle "playchess.com"]
[Source "ChessBase"]
[SourceQuality "1"]
[TimeControl "40/5400+30:1800+30"]

1. e4 c5 2. Nf3 Nc6 3. Bb5 g6 4. O-O Bg7 5. c3 e5 6. d4 cxd4 7. cxd4 exd4 8. Bf4 a6 9. Ba4 Nge7 10. Bd6 b5 11. Bb3 Bb7 12. Ng5 O-O 13. Qf3 Qe8 14. Qg3 h6 15. Nf3 Na5 16. Nbd2 Nxb3 17. axb3 Rc8 18. Rac1 Rc6 19. b4 Qd8 20. Rxc6 Nxc6 21. Bxf8 Qxf8 22. Qc7 Qc8 23. Qf4 Nxb4 24. e5 Bxf3 25. Nxf3 Nc6 26. h4 Qf8 27. h5 g5 28. Qe4 Qc5 29. Re1 a5 30. Rd1 a4 31. Nxd4 Nxd4 32. Qxd4 Qxe5 33. Qxd7 Qxb2 34. Qe8+ Bf8 35. Rd8 Qc1+ 36. Kh2 Qf4+ 37. Kg1 Qc1+ 38. Kh2 Qf4+ 39. Kg1 Qc1+ 1/2-1/2

[Event "Cracovia Chess Festival A 2021"]
[Site "Cracow"]
[Date "2022.01.04"]
[Round "9.27"]
[White "Sinz, Bernhard"]
[Black "Krawczyk, Flawian"]
[Result "1/2-1/2"]
[ECO "A45"]
[WhiteElo "2330"]
[BlackElo "2114"]
[Annotator "ChessBase"]
[PlyCount "57"]
[EventDate "2021.12.27"]
[EventCountry "POL"]
[SourceTitle "playchess.com"]
[Source "ChessBase"]
[SourceQuality "1"]
[TimeControl "40/5400+30:1800+30"]

1. d4 Nf6 2. Bg5 d5 3. e3 g6 4. Bxf6 exf6 5. Nd2 Bg7 6. g3 O-O 7. Bg2 f5 8. Ne2 c6 9. O-O Nd7 10. b3 Nf6 11. c4 Ne4 12. Rc1 g5 13. cxd5 cxd5 14. Qc2 Bd7 15. Nxe4 dxe4 16. Qc7 Bb5 17. Rfe1 Qxc7 18. Rxc7 Rac8 19. Rxc8 Rxc8 20. Rc1 Rxc1+ 21. Nxc1 Bf8 22. Bf1 Ba3 23. Bxb5 Bxc1 24. Kf1 Kg7 25. Bd7 Kf6 26. Ke2 g4 27. b4 Ba3 28. b5 b6 29. Bc8 1/2-1/2

[Event "Cracovia Chess Festival A 2021"]
[Site "Cracow"]
[Date "2022.01.04"]
[Round "9.28"]
[White "Musial, Tomasz"]
[Black "Redzisz, Michal"]
[Result "0-1"]
[ECO "E04"]
[WhiteElo "2111"]
[BlackElo "2261"]
[Annotator "ChessBase"]
[PlyCount "58"]
[EventDate "2021.12.27"]
[EventCountry "POL"]
[SourceTitle "playchess.com"]
[Source "ChessBase"]
[SourceQuality "1"]
[TimeControl "40/5400+30:1800+30"]

1. d4 Nf6 2. c4 e6 3. g3 d5 4. Bg2 dxc4 5. Nf3 Bd7 6. Ne5 Bc6 7. Nxc6 Nxc6 8. e3 Qd7 9. O-O Rd8 10. Qe2 e5 11. Qxc4 exd4 12. exd4 Nxd4 13. Rd1 Be7 14. Nc3 b5 15. Qf1 c5 16. Be3 O-O 17. b4 Qf5 18. Nxb5 Nc2 19. Rxd8 Rxd8 20. Nxa7 Bf8 21. Rc1 Nxe3 22. fxe3 Qe6 23. Qe2 cxb4 24. Bf3 Re8 25. Nb5 Qxe3+ 26. Qxe3 Rxe3 27. Nd4 Rd3 28. Nc6 Rxf3 29. Rc4 Rc3 0-1

[Event "Cracovia Chess Festival A 2021"]
[Site "Cracow"]
[Date "2022.01.04"]
[Round "9.29"]
[White "Chyzy, Jakub"]
[Black "Mika, Tomasz"]
[Result "0-1"]
[ECO "B18"]
[WhiteElo "2260"]
[BlackElo "2183"]
[Annotator "ChessBase"]
[PlyCount "112"]
[EventDate "2021.12.27"]
[EventCountry "POL"]
[SourceTitle "playchess.com"]
[Source "ChessBase"]
[SourceQuality "1"]
[TimeControl "40/5400+30:1800+30"]

1. e4 c6 2. d4 d5 3. Nc3 dxe4 4. Nxe4 Bf5 5. Ng3 Bg6 6. h4 h6 7. f4 e6 8. Nf3 Nd7 9. h5 Bh7 10. Bd3 Bxd3 11. Qxd3 Ne7 12. Bd2 Qc7 13. O-O-O O-O-O 14. Qe2 Nf6 15. Ne5 Nf5 16. Nxf5 exf5 17. Qd3 Ne4 18. Qh3 Nd6 19. Bb4 Nb5 20. Qxf5+ Kb8 21. Bxf8 Rhxf8 22. c3 Rd5 23. Qh3 f6 24. Nd3 Qa5 25. Kb1 Rfd8 26. c4 Rxd4 27. cxb5 Qxb5 28. Nf2 Rd2 29. Qc3 Qe2 30. Kc1 Rxd1+ 31. Rxd1 Rxd1+ 32. Nxd1 Qxh5 33. Qd4 a6 34. Nc3 Qh1+ 35. Kc2 Qxg2+ 36. Kb3 Qg4 37. a4 h5 38. a5 Qe6+ 39. Ka3 Kc7 40. Ne4 h4 41. Qb4 h3 42. Nc5 Qe3+ 43. Ka4 Kd6 44. Nxb7+ Ke6 45. Qf8 Qxf4+ 46. b4 h2 47. Qc8+ Kf7 48. Nd8+ Kg6 49. Ne6 Qe5 50. Qe8+ Kf5 51. Nxg7+ Kf4 52. Ne6+ Ke3 53. Qxc6 Qb5+ 54. Qxb5 axb5+ 55. Kxb5 h1=Q 56. Kb6 Qe4 0-1

[Event "Cracovia Chess Festival A 2021"]
[Site "Cracow"]
[Date "2022.01.04"]
[Round "9.30"]
[White "Piekielny, Pawel"]
[Black "Svendsen, Bertil"]
[Result "1-0"]
[ECO "B76"]
[WhiteElo "2104"]
[BlackElo "2251"]
[Annotator "ChessBase"]
[PlyCount "43"]
[EventDate "2021.12.27"]
[EventCountry "POL"]
[SourceTitle "playchess.com"]
[Source "ChessBase"]
[SourceQuality "1"]
[TimeControl "40/5400+30:1800+30"]

1. e4 c5 2. Nf3 d6 3. d4 cxd4 4. Nxd4 Nf6 5. Nc3 g6 6. Be3 Bg7 7. f3 O-O 8. Qd2 Nc6 9. g4 Be6 10. Nxe6 fxe6 11. O-O-O Ne5 12. Be2 Qc8 13. h4 Nfd7 14. h5 Nc4 15. Bxc4 Qxc4 16. hxg6 hxg6 17. f4 Rfd8 18. f5 Kf7 19. fxg6+ Kxg6 20. Bh6 Bf6 21. Qh2 Qc5 22. Rd5 1-0

[Event "Cracovia Chess Festival A 2021"]
[Site "Cracow"]
[Date "2022.01.04"]
[Round "9.31"]
[White "Raczynski, Krzysztof"]
[Black "Braeuning, Rudolf Wilhelm"]
[Result "0-1"]
[ECO "A02"]
[WhiteElo "2194"]
[BlackElo "2242"]
[Annotator "ChessBase"]
[PlyCount "94"]
[EventDate "2021.12.27"]
[EventCountry "POL"]
[SourceTitle "playchess.com"]
[Source "ChessBase"]
[SourceQuality "1"]
[TimeControl "40/5400+30:1800+30"]

1. f4 g6 2. Nf3 Bg7 3. g3 d5 4. Bg2 Nh6 5. O-O O-O 6. e3 c5 7. d3 Nc6 8. c3 d4 9. e4 b6 10. h3 f5 11. e5 dxc3 12. bxc3 e6 13. Na3 Nf7 14. d4 Ba6 15. Re1 Rc8 16. Be3 cxd4 17. Nxd4 Nxd4 18. cxd4 Qd7 19. d5 Rfd8 20. Qb3 exd5 21. Rad1 Bb7 22. Nb5 Ba8 23. Nd4 Nh6 24. Rc1 Kh8 25. Kh2 Ng8 26. Rxc8 Rxc8 27. Bc1 Ne7 28. Ba3 Nc6 29. e6 Qe8 30. Nb5 Na5 31. Qb1 Nc4 32. Nd6 Nxd6 33. Bxd6 Kg8 34. e7 Kf7 35. Qd3 Qc6 36. Be5 Bxe5 37. Rxe5 Ke8 38. Rxd5 Qc7 39. Qb5+ Kxe7 40. Re5+ Kf6 41. Bxa8 Rxa8 42. Qd5 Rf8 43. Qd4 Kf7 44. Rd5 Qc2+ 45. Kg1 Rc8 46. Qd2 Qb1+ 47. Kf2 Rc2 0-1

[Event "Cracovia Chess Festival A 2021"]
[Site "Cracow"]
[Date "2022.01.04"]
[Round "9.32"]
[White "Dzwierzynski, Bartosz"]
[Black "Konyves, Almos"]
[Result "1-0"]
[ECO "E20"]
[WhiteElo "2100"]
[BlackElo "2250"]
[Annotator "ChessBase"]
[PlyCount "193"]
[EventDate "2021.12.27"]
[EventCountry "POL"]
[SourceTitle "playchess.com"]
[Source "ChessBase"]
[SourceQuality "1"]
[TimeControl "40/5400+30:1800+30"]

1. d4 Nf6 2. c4 e6 3. Nc3 Bb4 4. f3 c5 5. d5 d6 6. e4 b5 7. Bd2 a6 8. Bd3 O-O 9. Nge2 exd5 10. cxd5 c4 11. Bc2 Bc5 12. Qc1 Qb6 13. Nd1 Nbd7 14. Be3 Re8 15. Bxc5 Nxc5 16. Qd2 Bb7 17. Nf2 a5 18. O-O Ba6 19. Nd4 Nfd7 20. Kh1 b4 21. Rfd1 Nd3 22. Bxd3 Qxd4 23. Bf1 Qxd2 24. Rxd2 Ne5 25. Rc2 Rec8 26. Kg1 Rc5 27. a3 Rb8 28. axb4 Rxb4 29. Nd1 Rb3 30. Kf2 Kf8 31. h3 g5 32. Rac1 Ke7 33. Ne3 Kd7 34. Nxc4 Bxc4 35. Bxc4 Nxc4 36. Rxc4 Rxb2+ 37. Kg3 Rxc4 38. Rxc4 Ra2 39. Rc6 a4 40. Ra6 a3 41. Ra7+ Ke8 42. h4 gxh4+ 43. Kxh4 Rxg2 44. Rxa3 Ke7 45. Kh3 Rg1 46. Ra7+ Ke8 47. Kh4 Rg2 48. Kh5 Rg3 49. f4 Kf8 50. Kh4 Rg1 51. Rd7 Re1 52. Kg5 Rxe4 53. f5 Ke8 54. Rxd6 Rd4 55. f6 Rd1 56. Kh6 Rh1+ 57. Kg7 Rg1+ 58. Kxh7 Rh1+ 59. Kg7 Rh5 60. Re6+ fxe6 61. f7+ Kd7 62. dxe6+ Kxe6 63. f8=Q Re5 64. Qf7+ Kd6 65. Kf6 Rd5 66. Qe7+ Kc6 67. Ke6 Rc5 68. Qd7+ Kb6 69. Kd6 Rb5 70. Qd8+ Kb7 71. Qc7+ Ka6 72. Qc4 Ka5 73. Qc3+ Kb6 74. Qa3 Kb7 75. Qa2 Rb6+ 76. Kd7 Rb5 77. Qa4 Rb6 78. Qa5 Rb1 79. Qa2 Rb6 80. Qa4 Kb8 81. Qa3 Kb7 82. Qa5 Rb1 83. Qd5+ Kb8 84. Qe5+ Ka7 85. Qe3+ Kb8 86. Qf4+ Ka7 87. Qa4+ Kb8 88. Kd8 Rb6 89. Qf4+ Kb7 90. Qc7+ Ka6 91. Qc3 Kb7 92. Qc8+ Ka7 93. Qd7+ Kb8 94. Qc7+ Ka8 95. Kc8 Rb5 96. Qc6+ Ka7 97. Qxb5 1-0

[Event "Cracovia Chess Festival A 2021"]
[Site "Cracow"]
[Date "2022.01.04"]
[Round "9.33"]
[White "Luba, Lukasz"]
[Black "Lisowski, Krzysztof"]
[Result "1-0"]
[ECO "D79"]
[WhiteElo "2135"]
[BlackElo "2142"]
[Annotator "ChessBase"]
[PlyCount "109"]
[EventDate "2021.12.27"]
[EventCountry "POL"]
[SourceTitle "playchess.com"]
[Source "ChessBase"]
[SourceQuality "1"]
[TimeControl "40/5400+30:1800+30"]

1. Nf3 d5 2. d4 Nf6 3. g3 g6 4. Bg2 Bg7 5. O-O O-O 6. c4 c6 7. cxd5 cxd5 8. Nc3 Nc6 9. Ne5 e6 10. Nxc6 bxc6 11. Bg5 Qb6 12. Qd2 Re8 13. Rac1 e5 14. dxe5 Ng4 15. Bxd5 cxd5 16. Nxd5 Qb7 17. Rc7 Qb5 18. Rfc1 Ba6 19. R7c5 Qxe2 20. Qxe2 Bxe2 21. Nc7 Nxe5 22. Nxe8 Rxe8 23. Rc8 Kf8 24. Be3 Nd3 25. Bxa7 Bxb2 26. Rxe8+ Kxe8 27. Rc2 Bg4 28. Rd2 Bf5 29. g4 Bxg4 30. Rxd3 Bd7 31. Bd4 Bc1 32. Bf6 Bf4 33. Ra3 Bc6 34. Ra7 Bd6 35. Kf1 Bc5 36. Rc7 Bb5+ 37. Kg2 Bd6 38. Ra7 Bc5 39. Ra5 Bc6+ 40. f3 Bd6 41. Ra7 h5 42. a4 Bd5 43. a5 Bc6 44. Bh4 Bd5 45. a6 Bc5 46. Rc7 Bb6 47. Rc1 Kd7 48. Bf2 Bxf2 49. Kxf2 Ba8 50. Ke3 g5 51. Rc3 f5 52. Rc5 f4+ 53. Kf2 g4 54. Rxh5 Bxf3 55. Rh8 1-0

[Event "Cracovia Chess Festival A 2021"]
[Site "Cracow"]
[Date "2022.01.04"]
[Round "9.34"]
[White "Sernecki, Franciszek"]
[Black "Kolasinski, Krzysztof"]
[Result "1-0"]
[ECO "E10"]
[WhiteElo "2220"]
[BlackElo "2114"]
[Annotator "ChessBase"]
[PlyCount "61"]
[EventDate "2021.12.27"]
[EventCountry "POL"]
[SourceTitle "playchess.com"]
[Source "ChessBase"]
[SourceQuality "1"]
[TimeControl "40/5400+30:1800+30"]

1. d4 Nf6 2. c4 e6 3. Nf3 c5 4. d5 b5 5. dxe6 fxe6 6. cxb5 d5 7. g3 Bd6 8. Bg2 O-O 9. O-O Bb7 10. Nbd2 Qe7 11. e4 Nbd7 12. Re1 dxe4 13. Ng5 Be5 14. Ndxe4 Nxe4 15. Nxe4 Bd4 16. Be3 Bxb2 17. Rb1 Be5 18. Qc2 Rac8 19. Ng5 Nf6 20. Bxb7 Qxb7 21. Nxe6 Rf7 22. Nxc5 Qf3 23. Qe2 Qf5 24. Rbc1 Ng4 25. Ne4 Re8 26. Ng5 Rf6 27. Rc4 h5 28. h3 Nxe3 29. Qxe3 Ref8 30. Rc5 Bd4 31. Qb3+ 1-0

[Event "Cracovia Chess Festival A 2021"]
[Site "Cracow"]
[Date "2022.01.04"]
[Round "9.35"]
[White "Klepek, Witold"]
[Black "Gombocz, Ferenc Jr."]
[Result "1-0"]
[ECO "C45"]
[WhiteElo "2148"]
[BlackElo "2236"]
[Annotator "ChessBase"]
[PlyCount "119"]
[EventDate "2021.12.27"]
[EventCountry "POL"]
[SourceTitle "playchess.com"]
[Source "ChessBase"]
[SourceQuality "1"]
[TimeControl "40/5400+30:1800+30"]

1. e4 e5 2. Nf3 Nc6 3. d4 exd4 4. Nxd4 Bc5 5. Be3 Qf6 6. c3 Nge7 7. g3 Bxd4 8. cxd4 d5 9. Nc3 dxe4 10. Bg2 O-O 11. O-O Rd8 12. Nxe4 Qg6 13. Qb3 Be6 14. Qxb7 Bc4 15. Rfc1 Rab8 16. Qxc7 Nd5 17. Qxd8+ Rxd8 18. Rxc4 Nxe3 19. fxe3 Ne7 20. Re1 h6 21. Nc3 Qb6 22. b3 Nf5 23. Kf2 Qf6 24. Nd5 Rxd5 25. Bxd5 Nxe3+ 26. Kxe3 Qg5+ 27. Kd3 Qxd5 28. Rd1 g5 29. Rc5 Qg2 30. Rd2 Qf1+ 31. Kc2 Qa6 32. Kb2 Qd6 33. Rc8+ Kg7 34. d5 Qe5+ 35. Rc3 Qd6 36. a3 g4 37. Rc6 Qd7 38. Rc4 Qd6 39. Rxg4+ Kf8 40. Rc4 Ke7 41. Rc6 Qe5+ 42. Ka2 a5 43. d6+ Kd7 44. Rc7+ Kd8 45. Rcc2 a4 46. d7 axb3+ 47. Kxb3 Qe6+ 48. Kb2 Qb6+ 49. Ka1 Qf6+ 50. Kb1 Qb6+ 51. Rb2 Qc7 52. Rb5 f6 53. Kb2 Qa7 54. Rb3 Qc7 55. Rc3 Qe5 56. Kb3 Qe6+ 57. Rc4 h5 58. h4 f5 59. Kc3 Qe5+ 60. Kc2 1-0

[Event "Cracovia Chess Festival A 2021"]
[Site "Cracow"]
[Date "2022.01.04"]
[Round "9.36"]
[White "Flak, Pawel"]
[Black "Garbowski, Jakub"]
[Result "0-1"]
[ECO "D93"]
[WhiteElo "2206"]
[BlackElo "2145"]
[Annotator "ChessBase"]
[PlyCount "68"]
[EventDate "2021.12.27"]
[EventCountry "POL"]
[SourceTitle "playchess.com"]
[Source "ChessBase"]
[SourceQuality "1"]
[TimeControl "40/5400+30:1800+30"]

1. d4 Nf6 2. c4 g6 3. Nc3 d5 4. Nf3 Bg7 5. Bf4 O-O 6. e3 Be6 7. c5 b6 8. b4 a5 9. a3 Ne4 10. Qc1 axb4 11. axb4 Rxa1 12. Qxa1 Nc6 13. Nxe4 dxe4 14. Ng5 Bd5 15. Qc3 h6 16. Nh3 g5 17. Bg3 f5 18. Bb5 f4 19. Bxc6 Bxc6 20. exf4 Bxd4 21. Qc4+ Qd5 22. Qxd5+ Bxd5 23. O-O g4 24. Rd1 Ra8 25. cxb6 cxb6 26. Ng5 hxg5 27. fxg5 Ra1 28. Rxa1 Bxa1 29. h3 Bc3 30. Bc7 b5 31. Ba5 g3 32. Bb6 Bxb4 33. fxg3 Bd2 34. Kf1 Bc4+ 0-1

[Event "Cracovia Chess Festival A 2021"]
[Site "Cracow"]
[Date "2022.01.04"]
[Round "9.37"]
[White "Romero Calduch, Sergio"]
[Black "Kotyk, Michael"]
[Result "1/2-1/2"]
[ECO "D37"]
[WhiteElo "2199"]
[BlackElo "2140"]
[Annotator "ChessBase"]
[PlyCount "46"]
[EventDate "2021.12.27"]
[EventCountry "POL"]
[SourceTitle "playchess.com"]
[Source "ChessBase"]
[SourceQuality "1"]
[TimeControl "40/5400+30:1800+30"]

1. Nf3 Nf6 2. d4 e6 3. c4 d5 4. Nc3 dxc4 5. e3 a6 6. a4 b6 7. Bxc4 Bb7 8. O-O Bb4 9. Qe2 O-O 10. Rd1 Qe7 11. Bd3 Nbd7 12. Ne5 Nxe5 13. dxe5 Nd7 14. Qc2 g6 15. Be4 Bxe4 16. Nxe4 Nxe5 17. b3 f5 18. Bb2 Ng4 19. Qc6 Rad8 20. h3 fxe4 21. hxg4 Qf7 22. Rxd8 Qf5 23. Kh1 Qxf2 1/2-1/2